HSSL
MADAWASKA VALLEY HS WOLVES @ OLIVER AMES HS TIGERS
05/03/2030
 
TOP OF THE 1ST
Madawaska Valley HS Wolves batting - Pitching for Oliver Ames HS Tigers : RHP Paul Knight
Pitching: RHP Paul Knight
Batting: LHB Eugene Rogers 0-0: Swinging Strike
0-1: Ball
1-1: Foul Ball, location: 2F
1-2: Foul Ball, location: 2F
1-2: Ball
2-2: Ball
3-2: Strikes out looking
Batting: RHB Bill Martínez 0-0: Fly out, F9 (Flyball, 9)
Batting: LHB Marvin Martin 0-0: Ball
1-0: Ball
2-0: Hit by Pitch
Batting: LHB Carl Childs 0-0: SINGLE (Line Drive, 89S)
Marvin Martin to second
Batting: RHB Earl Austin 0-0: SINGLE (Line Drive, 56)
Marvin Martin to third
Carl Childs to second
Batting: LHB Bob Stafford 0-0: Called Strike
0-1: Ball
1-1: Swinging Strike
1-2: Strikes out swinging
Top of the 1st over - 0 runs, 2 hits, 0 errors, 3 left on base; Madawaska Valley HS 0 - Oliver Ames HS 0
BOTTOM OF THE 1ST
Oliver Ames HS Tigers batting - Pitching for Madawaska Valley HS Wolves : RHP Luis Barrera
Pitching: RHP Luis Barrera
Batting: LHB William Moody 0-0: Foul Ball, location: 2F
0-1: Foul Ball, location: 2F
0-2: Ball
1-2: Ball
2-2: Foul Ball, location: 2F
2-2: Ball
3-2: Fly out, F2 (Popup, 15S)
Batting: RHB Marcos Llevanos 0-0: Ball
1-0: Ball
2-0: Swinging Strike
2-1: Called Strike
2-2: Foul Ball, location: 2F
2-2: Ball
3-2: Strikes out looking
Batting: RHB Will Hernández 0-0: Ball
1-0: Ball
2-0: Ground out 4-3 (Groundball, 4S)
Bottom of the 1st over - 0 runs, 0 hits, 0 errors, 0 left on base; Madawaska Valley HS 0 - Oliver Ames HS 0
TOP OF THE 2ND
Madawaska Valley HS Wolves batting - Pitching for Oliver Ames HS Tigers : RHP Paul Knight
Batting: RHB Rory Dickey 0-0: Swinging Strike
0-1: Swinging Strike
0-2: Foul Ball, location: 2F
0-2: Ball
1-2: Ball
2-2: Ball
3-2: Foul Ball, location: 2F
3-2: Fly out, F9 (Flyball, 89M)
Batting: RHB Jim Barnes 0-0: Fly out, F8 (Line Drive, 8LS)
Batting: SHB Robert Bradshaw 0-0: Ball
1-0: Foul Ball, location: 2F
1-1: Ball
2-1: Called Strike
2-2: Ball
3-2: Foul Ball, location: 2F
3-2: Strikes out looking
Top of the 2nd over - 0 runs, 0 hits, 0 errors, 0 left on base; Madawaska Valley HS 0 - Oliver Ames HS 0
BOTTOM OF THE 2ND
Oliver Ames HS Tigers batting - Pitching for Madawaska Valley HS Wolves : RHP Luis Barrera
Batting: RHB Tom Richter 0-0: Ball
1-0: Fly out, F7 (Flyball, 7D)
Batting: LHB Manny Martínez 0-0: Ball
1-0: Ball
2-0: Ball
3-0: Called Strike
3-1: SINGLE (Line Drive, 8LS)
Batting: RHB Tony Pope 0-0: Fly out, F9 (Flyball, 9S)
Batting: SHB Jorge Árias 0-0: Foul Ball, location: 2F
0-1: Foul Ball, location: 2F
0-2: Ball
1-2: Foul Ball, location: 2F
1-2: Ball
2-2: Ball
3-2: SINGLE (Line Drive, 7S)
Manny Martínez to second
Manny Martínez to third
Batting: RHB Jim Brown 0-0: Ball
1-0: Ball
2-0: SINGLE (Groundball, 6MD)
Manny Martínez scores
Jorge Árias to second
Runner from 2nd tries for 3rd, SAFE, no throw
Batting: LHB Tony Gillard 0-0: Called Strike
0-1: Ball
1-1: Ball
2-1: Called Strike
2-2: Ball
3-2: Foul Ball, location: 2F
3-2: Base on Balls
Jim Brown to second
Batting: LHB William Moody 0-0: Called Strike
0-1: Called Strike
0-2: Ball
1-2: Ball
2-2: Foul Ball, location: 2F
2-2: Fly out, F6 (Popup, 6D)
Bottom of the 2nd over - 1 run, 3 hits, 0 errors, 3 left on base; Madawaska Valley HS 0 - Oliver Ames HS 1
TOP OF THE 3RD
Madawaska Valley HS Wolves batting - Pitching for Oliver Ames HS Tigers : RHP Paul Knight
Batting: LHB Eugene Rogers 0-0: Fly out, F8 (Flyball, 8RD)
Batting: RHB Bill Martínez 0-0: Ball
1-0: Swinging Strike
1-1: Foul Ball, location: 2F
1-2: Hit by Pitch
Batting: LHB Marvin Martin 0-0: Called Strike
0-1: SINGLE (Flyball, 78S)
Bill Martínez to second
Batting: LHB Carl Childs 0-0: Ball
1-0: Ball
2-0: Foul Ball, location: 2F
2-1: Foul Ball, location: 2F
2-2: Strikes out swinging
Batting: RHB Earl Austin 0-0: Foul Ball, location: 2F
0-1: Ball
1-1: Called Strike
1-2: Foul Ball, location: 2F
1-2: Strikes out swinging
Top of the 3rd over - 0 runs, 1 hit, 0 errors, 2 left on base; Madawaska Valley HS 0 - Oliver Ames HS 1
BOTTOM OF THE 3RD
Oliver Ames HS Tigers batting - Pitching for Madawaska Valley HS Wolves : RHP Luis Barrera
Batting: RHB Marcos Llevanos 0-0: Ball
1-0: Called Strike
1-1: Ball
2-1: Called Strike
2-2: Strikes out swinging
Batting: RHB Will Hernández 0-0: Ball
1-0: Ball
2-0: Fly out, F7 (Flyball, 78S)
Batting: RHB Tom Richter 0-0: Swinging Strike
0-1: Ball
1-1: Ball
2-1: Ball
3-1: Fly out, F7 (Flyball, 7LM)
Bottom of the 3rd over - 0 runs, 0 hits, 0 errors, 0 left on base; Madawaska Valley HS 0 - Oliver Ames HS 1
TOP OF THE 4TH
Madawaska Valley HS Wolves batting - Pitching for Oliver Ames HS Tigers : RHP Paul Knight
Batting: LHB Bob Stafford 0-0: Ball
1-0: Foul Ball, location: 2F
1-1: Ball
2-1: Ground out 4-3 (Groundball, 4)
Batting: RHB Rory Dickey 0-0: Ball
1-0: Ball
2-0: Called Strike
2-1: SINGLE (Groundball, 6MD)
Batting: RHB Jim Barnes 0-0: Called Strike
0-1: Ball
1-1: Ball
2-1: Fly out, F8 (Flyball, 8RM)
Batting: SHB Robert Bradshaw 0-0: SINGLE (Groundball, 56D)
Rory Dickey to second
Batting: LHB Eugene Rogers 0-0: Ball
1-0: Fly out, F5 (Popup, 56)
Top of the 4th over - 0 runs, 2 hits, 0 errors, 2 left on base; Madawaska Valley HS 0 - Oliver Ames HS 1
BOTTOM OF THE 4TH
Oliver Ames HS Tigers batting - Pitching for Madawaska Valley HS Wolves : RHP Luis Barrera
Batting: LHB Manny Martínez 0-0: Called Strike
0-1: DOUBLE (Line Drive, 7D)
Batting: RHB Tony Pope 0-0: Fly out, F7 (Flyball, 7LM)
Batting: SHB Jorge Árias 0-0: Ball
1-0: Foul Ball, location: 2F
1-1: Ball
2-1: DOUBLE (Line Drive, 8LD)
Manny Martínez scores
Batting: RHB Jim Brown 0-0: Ball
1-0: Called Strike
1-1: Ball
2-1: Foul Ball, location: 2F
2-2: Strikes out looking
Pitching: LHP Jason Webb
Batting: LHB Tony Gillard 0-0: Ball
1-0: Swinging Strike
1-1: Foul Ball, location: 2F
1-2: Fly out, F1 (Line Drive, 15)
Bottom of the 4th over - 1 run, 2 hits, 0 errors, 1 left on base; Madawaska Valley HS 0 - Oliver Ames HS 2
TOP OF THE 5TH
Madawaska Valley HS Wolves batting - Pitching for Oliver Ames HS Tigers : RHP Paul Knight
Batting: RHB Bill Martínez 0-0: Ball
1-0: Ball
2-0: SINGLE (Groundball, 6MD)
Batting: LHB Marvin Martin 0-0: Fly out, F7 (Flyball, 7)
Batting: LHB Carl Childs 0-0: Ball
1-0: Ball
2-0: Called Strike
2-1: Ball
3-1: Foul Ball, location: 2F
3-2: Foul Ball, location: 2F
3-2: Fly out, F8 (Flyball, 8RS)
Batting: RHB Earl Austin 0-0: Fielders Choice at 2nd, 6-4 (Groundball, 6)
Top of the 5th over - 0 runs, 1 hit, 0 errors, 1 left on base; Madawaska Valley HS 0 - Oliver Ames HS 2
BOTTOM OF THE 5TH
Oliver Ames HS Tigers batting - Pitching for Madawaska Valley HS Wolves : LHP Jason Webb
Batting: LHB William Moody 0-0: Called Strike
0-1: Ball
1-1: Ball
2-1: Foul Ball, location: 2F
2-2: Fly out, F5 (Line Drive, 5)
Batting: RHB Marcos Llevanos 0-0: Swinging Strike
0-1: Ball
1-1: Foul Ball, location: 2F
1-2: Ball
2-2: Foul Ball, location: 2F
2-2: Strikes out swinging
Batting: RHB Will Hernández 0-0: Ball
1-0: Ball
2-0: Called Strike
2-1: Foul Ball, location: 2F
2-2: Ball
3-2: SINGLE (Flyball, 89S)
Batting: RHB Tom Richter 0-0: Ball
1-0: Foul Ball, location: 2F
1-1: Swinging Strike
1-2: Foul Ball, location: 2F
1-2: Foul Ball, location: 2F
1-2: Foul Ball, location: 2F
1-2: Hit by Pitch
Will Hernández to second
Batting: LHB Manny Martínez 0-0: Reached on error, E4 (Groundball, 4)
Will Hernández to third
Tom Richter to second
Batting: RHB Tony Pope 0-0: Ball
1-0: Foul Ball, location: 2F
1-1: Foul Ball, location: 2F
1-2: Strikes out swinging
Bottom of the 5th over - 0 runs, 1 hit, 1 error, 3 left on base; Madawaska Valley HS 0 - Oliver Ames HS 2
TOP OF THE 6TH
Madawaska Valley HS Wolves batting - Pitching for Oliver Ames HS Tigers : RHP Paul Knight
Batting: LHB Bob Stafford 0-0: SINGLE (Flyball, 56D)
Batting: RHB Rory Dickey 0-0: Ball
1-0: Swinging Strike
1-1: Swinging Strike
1-2: Strikes out looking
Pitching: RHP Wesley Milligan
Batting: RHB Jim Barnes 0-0: Ball
1-0: Called Strike
1-1: Ball
2-1: Foul Ball, location: 2F
2-2: Fly out, F7 (Flyball, 7D)
Batting: SHB Robert Bradshaw 0-0: Foul Ball, location: 2F
0-1: Ground out 4-3 (Groundball, 4M)
Top of the 6th over - 0 runs, 1 hit, 0 errors, 1 left on base; Madawaska Valley HS 0 - Oliver Ames HS 2
BOTTOM OF THE 6TH
Oliver Ames HS Tigers batting - Pitching for Madawaska Valley HS Wolves : LHP Jason Webb
Batting: SHB Jorge Árias 0-0: Ball
1-0: Ball
2-0: Swinging Strike
2-1: Ground out 5-3 (Groundball, 2L)
Batting: RHB Jim Brown 0-0: Swinging Strike
0-1: Swinging Strike
0-2: Ball
1-2: SINGLE (Groundball, 34D)
Batting: LHB Tony Gillard 0-0: Called Strike
0-1: Foul Ball, location: 2F
0-2: Ball
1-2: Foul Ball, location: 2F
1-2: Ball
2-2: Ball
3-2: Grounds into double play, 6-4-3 (Groundball, 6)
Bottom of the 6th over - 0 runs, 1 hit, 0 errors, 0 left on base; Madawaska Valley HS 0 - Oliver Ames HS 2
TOP OF THE 7TH
Madawaska Valley HS Wolves batting - Pitching for Oliver Ames HS Tigers : RHP Wesley Milligan
Batting: LHB Eugene Rogers 0-0: Swinging Strike
0-1: Foul Ball, location: 2F
0-2: Fly out, F9 (Flyball, 89D)
Batting: RHB Bill Martínez 0-0: Ball
1-0: Ball
2-0: Ball
3-0: Base on Balls
Batting: LHB Marvin Martin 0-0: Ball
1-0: Ball
2-0: Ball
3-0: Base on Balls
Bill Martínez to second
Batting: LHB Carl Childs 0-0: Ball
1-0: Foul Ball, location: 2F
1-1: Foul Ball, location: 2F
1-2: 3-RUN HOME RUN (Flyball, 9D), Distance : 371 ft
Pitching: RHP Jean-Michel Beaulieu
Batting: RHB Earl Austin 0-0: Called Strike
0-1: Swinging Strike
0-2: Foul Ball, location: 2F
0-2: Fly out, F8 (Flyball, 8RD)
Batting: LHB Bob Stafford 0-0: Ball
1-0: Ball
2-0: Ball
3-0: Base on Balls
Batting: RHB Rory Dickey 0-0: Ball
1-0: Called Strike
1-1: Ball
2-1: Ball
3-1: Base on Balls
Bob Stafford to second
Pinch Hitting: LHB Ricardo Carrillo 0-0: Called Strike
0-1: Foul Ball, location: 2F
0-2: Strikes out swinging
Top of the 7th over - 3 runs, 1 hit, 0 errors, 2 left on base; Madawaska Valley HS 3 - Oliver Ames HS 2
BOTTOM OF THE 7TH
Oliver Ames HS Tigers batting - Pitching for Madawaska Valley HS Wolves : LHP Jason Webb
Pitching: RHP José Nevárez
Now in CF: Jeff Kinser
Batting: LHB William Moody 0-0: Ground out U3 (Groundball, 3L)
Batting: RHB Marcos Llevanos 0-0: Called Strike
0-1: Fly out, F7 (Flyball, 7)
Batting: RHB Will Hernández 0-0: Called Strike
0-1: Ball
1-1: Called Strike
1-2: Strikes out looking
Bottom of the 7th over - 0 runs, 0 hits, 0 errors, 0 left on base; Madawaska Valley HS 3 - Oliver Ames HS 2
TOP OF THE 8TH
Madawaska Valley HS Wolves batting - Pitching for Oliver Ames HS Tigers : RHP Jean-Michel Beaulieu
Batting: SHB Robert Bradshaw 0-0: Ball
1-0: DOUBLE (Groundball, 3L)
Batting: LHB Eugene Rogers 0-0: Sac Bunt - play at first, batter safe!
Robert Bradshaw to third
Batting: RHB Bill Martínez 0-0: Ball
1-0: Called Strike
1-1: Ball
2-1: Ball
3-1: Foul Ball, location: 2F
3-2: 3-RUN HOME RUN (Flyball, 7LD), Distance : 347 ft
Pitching: RHP Del Mendía
Batting: LHB Marvin Martin 0-0: Foul Ball, location: 2F
0-1: Swinging Strike
0-2: Strikes out swinging
Batting: LHB Carl Childs 0-0: Ball
1-0: Called Strike
1-1: Ball
2-1: Swinging Strike
2-2: Foul Ball, location: 2F
2-2: Strikes out swinging
Batting: RHB Earl Austin 0-0: Ball
1-0: Foul Ball, location: 2F
1-1: Ground out 6-3 (Groundball, 6)
Top of the 8th over - 3 runs, 3 hits, 0 errors, 0 left on base; Madawaska Valley HS 6 - Oliver Ames HS 2
BOTTOM OF THE 8TH
Oliver Ames HS Tigers batting - Pitching for Madawaska Valley HS Wolves : RHP José Nevárez
Batting: RHB Tom Richter 0-0: Called Strike
0-1: Called Strike
0-2: Ball
1-2: Fly out, F9 (Flyball, 9LD)
Batting: LHB Manny Martínez 0-0: Ball
1-0: Ball
2-0: Ball
3-0: Base on Balls
Batting: RHB Tony Pope 0-0: Called Strike
0-1: Ball
1-1: Called Strike
1-2: SINGLE (Line Drive, 4MD)
Manny Martínez to second
Batting: SHB Jorge Árias 0-0: Called Strike
0-1: Called Strike
0-2: Ball
1-2: Foul Ball, location: 2F
1-2: Strikes out looking
Batting: RHB Jim Brown 0-0: Foul Ball, location: 2F
0-1: Foul Ball, location: 2F
0-2: Ball
1-2: Ball
2-2: Ball
3-2: Base on Balls
Manny Martínez to third
Tony Pope to second
Batting: LHB Tony Gillard 0-0: Called Strike
0-1: Ball
1-1: Fly out, F8 (Flyball, 8LD)
Bottom of the 8th over - 0 runs, 1 hit, 0 errors, 3 left on base; Madawaska Valley HS 6 - Oliver Ames HS 2
TOP OF THE 9TH
Madawaska Valley HS Wolves batting - Pitching for Oliver Ames HS Tigers : RHP Del Mendía
Batting: LHB Bob Stafford 0-0: Ball
1-0: Ball
2-0: Ball
3-0: Called Strike
3-1: Called Strike
3-2: Foul Ball, location: 2F
3-2: Reached on error, E6 (Groundball, 6)
Batting: RHB Rory Dickey 0-0: Intentional Walk
Batting: RHB Jeff Kinser 0-0: Called Strike
0-1: Ball
1-1: Called Strike
1-2: Ball
2-2: Foul Ball, location: 2F
2-2: Ball
3-2: Foul Ball, location: 2F
3-2: Foul Ball, location: 2F
3-2: Reached on error, E8 (Flyball, 89D)
Bob Stafford to third
Rory Dickey to second
Batting: SHB Robert Bradshaw 0-0: Ball
1-0: Grounds into double play, 4-2-3 (Groundball, 6M)
Rory Dickey to third
Jeff Kinser to second
Batting: LHB Eugene Rogers 0-0: Foul Ball, location: 2F
0-1: Ball
1-1: Ball
2-1: Called Strike
2-2: Fly out, F9 (Flyball, 9LD)
Top of the 9th over - 0 runs, 0 hits, 2 errors, 2 left on base; Madawaska Valley HS 6 - Oliver Ames HS 2
BOTTOM OF THE 9TH
Oliver Ames HS Tigers batting - Pitching for Madawaska Valley HS Wolves : RHP José Nevárez
Pitching: LHP Jerry Davis
Batting: LHB William Moody 0-0: Called Strike
0-1: Ground out 6-3 (Groundball, 6)
Batting: RHB Marcos Llevanos 0-0: Called Strike
0-1: Swinging Strike
0-2: Ball
1-2: Foul Ball, location: 2F
1-2: Ball
2-2: Ball
3-2: Base on Balls
Batting: RHB Will Hernández 0-0: Ball
1-0: Swinging Strike
1-1: Grounds into double play, 5-4-3 (Groundball, 56)
Bottom of the 9th over - 0 runs, 0 hits, 0 errors, 0 left on base; Madawaska Valley HS 6 - Oliver Ames HS 2
Saturday, April 7th, 2018 - OOTP Baseball 18.8 Build 76